 Dungeon Crawl Stone Soup version 0.24.1-8-ga250c9d538 (webtiles) character file.

Game seed: 12370362771978613216, levelgen mode: deterministic

72 Legadrian the Skirmisher (level 4, 0/37 HPs)
             Began as a Human Transmuter on May 8, 2020.
             Slain by an adder (2 damage)
             ... on level 1 of the Dungeon.
             The game lasted 00:06:41 (1135 turns).

Legadrian the Skirmisher (Human Transmuter)         Turns: 1135, Time: 00:06:41

Health: 0/37       AC:  6    Str: 11    XL:     4   Next: 50%
Magic:  7/7        EV: 11    Int: 14    God:
Gold:   37         SH:  0    Dex: 13    Spells: 6/7 levels left

rFire    . . .     SeeInvis .     - Unarmed
rCold    . . .     Gourm    .   (no shield)
rNeg     . . .     Faith    +   e - +0 ring mail
rPois    .         Spirit   .   (no helmet)
rElec    .         Reflect  .   (no cloak)
rCorr    .         Harm     .   k - +0 pair of gloves
MR       .....                  (no boots)
Stlth    +.........             c - amulet of faith
HPRegen  0.12/turn              (no ring)
MPRegen  0.10/turn              (no ring)

@: lethally poisoned (0 -> -3)
A: no striking features
a: no special abilities


You were on level 1 of the Dungeon.
You were not hungry.

You visited 1 branch of the dungeon, and saw 2 of its levels.

You collected 37 gold pieces.

Inventory:

Hand Weapons
 j - a +0 hunting sling
Missiles
 a - 12 arrows
Armour
 b - a +0 robe
 e - a +0 ring mail (worn)
 k - a +0 pair of gloves (worn)
Jewellery
 c - an amulet of faith (around neck)
Scrolls
 h - a scroll of random uselessness {unknown}
 i - a scroll of identify {unknown}
Potions
 g - a potion of lignification {unknown}
Comestibles
 d - 3 rations
 f - 4 chunks of flesh


   Skills:
 * Level 3.8 Fighting
 - Level 0.3 Armour
 - Level 2.0 Dodging
 + Level 0.3 Stealth
 - Level 3.0 Unarmed Combat
 - Level 2.0 Spellcasting
 - Level 2.0 Transmutations


You had 6 spell levels left.
You knew the following spells:

 Your Spells              Type           Power        Failure   Level  Hunger
a - Beastly Appendage     Tmut           #.....       26%         1    ##.....

Your spell library contained the following spells:

 Spells                   Type           Power        Failure   Level  Hunger
 Sticks to Snakes         Tmut           #.......     36%         2    ###....
 Spider Form              Tmut/Pois      #.........   75%         3    ####...
 Ice Form                 Ice/Tmut       #.......     98%         4    #####..
 Blade Hands              Tmut           #.........   100%        5    ######.


Dungeon Overview and Level Annotations

Branches:
Dungeon (2/15)

Altars:


Message History

You can't go up here!
The adder barely misses you. The adder closely misses you. The adder bites you.
* * * LOW HITPOINT WARNING * * *
The adder barely misses you. The adder closely misses you. The adder bites you.
* * * LOW HITPOINT WARNING * * *
You miss the adder.
The adder is heavily wounded.
The adder bites you.
* * * LOW HITPOINT WARNING * * *
You are lethally poisoned!
The adder poisons you!
You completely miss the adder.
The adder is heavily wounded.
* * * LOW HITPOINT WARNING * * *
You feel sick. The adder bites you.
You die...

#.##.#.#..##.##.##.#.#..#.####.#
#...#.#.#.##.##.##.#.#..#.# #.#
#....###.#...........#..#.# #.#
#...## ##.##.##.##.###..#.# #.#
#..## ##.#.##.#...##..#.# #.#
#...## ##.##......#.##....# #.#
#..#.###..#####...#.......####.##
).....#........S#####............
##.###..#.##.##.@.#............##
##.# ##.#.##.####.#..##..#######
...####.#.##.# #....##..#
........#.##.## ##.#.##..#
...###..#.#...####....#..#
.....#..#..........#..#..#
.###.#..###...####.#..#..#
.##.......)[.## #.#..#..#
....[...###..#####...[...#


You could see an adder.

Vanquished Creatures
  A gnoll (D:1)
  2 adders (D:2)
  2 oozes (D:1)
  A worm (D:2)
  2 dart slugs (D:1)
  3 hobgoblins (D:1)
  5 jackals (D:2)
  A kobold (D:1)
  7 bats
  2 frilled lizards (D:1)
  3 goblins (D:1)
  3 rats
32 creatures vanquished.

Notes
Turn   | Place    | Note
-------+----------+-------------------------------------------
     0 | D:1      | Legadrian the Human Transmuter began the quest for the Orb.
     0 | D:1      | Reached XP level 1. HP: 15/15 MP: 3/3
   280 | D:1      | Reached XP level 2. HP: 21/22 MP: 5/5
   397 | D:1      | Reached XP level 3. HP: 26/28 MP: 6/6
   950 | D:2      | Reached XP level 4. HP: 32/35 MP: 7/7
  1135 | D:1      | Slain by an adder

Levels and vault maps discovered:
D:1:      mrwooster_arrival_statue_2, layout_loops_ring
D:2:      minmay_angry_zag, layout_loops_cross, lemuel_crystal_altar,
          marbit_many_paths, minmay_vboxes, uniq_sigmund

Skill      XL: |  1  2  3 |
---------------+----------+-----
Fighting       | 2 3 |  3.8
Armour         | |  0.3
Dodging        | |  2.0
Stealth        | |  0.3
Unarmed Combat | |  3.0
Spellcasting   | |  2.0
Transmutations | |  2.0

Action                   |  1- 3 |  4- 6 || total
-------------------------+-------+-------++-------
Melee: Unarmed           |   113 |    64 ||   177
       Punch             |     3 |       ||     3
  Eat: Chunk             |       |     1 ||     1
Armor: Ring mail         |    33 |    25 ||    58
Dodge: Dodged            |    59 |    50 ||   109
